 Dungeon Crawl Stone Soup version 0.25-a0-855-g681bda5bb4 (webtiles) character file.

Game seed: 10481316921122520553, levelgen mode: deterministic

583 Maedhros the Skirmisher (level 7, -3/49 HPs)
             Began as an Octopode Wanderer on Apr 26, 2020.
             Slain by a bullfrog (9 damage)
             ... on level 6 of the Dungeon.
             The game lasted 00:04:12 (2883 turns).

Maedhros the Skirmisher (Octopode Wanderer)         Turns: 2883, Time: 00:04:12

Health: -3/49      AC:  1    Str: 13    XL:     7   Next: 37%
Magic:  8/8        EV: 12    Int: 14    God:
Gold:   153        SH:  8    Dex: 12    Spells: 8/8 levels left

rFire    . . .     SeeInvis .   (no weapon)
rCold    . . .     Gourm    .   b - +0 kite shield
rNeg     . . .     Faith    .   (helmet restricted)
rPois    .         Spirit   .   (no amulet)
rElec    .         Reflect  .   (no ring)
rCorr    .         Harm     .   (no ring)
MR       .....                  (no ring)
Stlth    ++++......             (no ring)
HPRegen  0.16/turn              (no ring)
MPRegen  0.11/turn              (no ring)
                                (no ring)
                                (no ring)

@: very slightly contaminated, invisible
A: almost no armour, stealthy swim, amphibious, 8 rings, constrict 8, camouflage
1, gelatinous body 1
a: no special abilities


You were on level 6 of the Dungeon.
You were hungry.

You visited 1 branch of the dungeon, and saw 6 of its levels.

You collected 153 gold pieces.

Inventory:

Hand Weapons
 a - a +0 hand crossbow
 d - a +0 hand axe
Missiles
 c - 32 bolts
 r - 17 poisoned darts (quivered)
Armour
 b - a +0 kite shield (worn)
Scrolls
 g - a scroll of noise {unknown}
 i - a scroll of enchant weapon {unknown}
 j - 2 scrolls of identify {unknown}
 k - a scroll of amnesia {unknown}
 l - a scroll of fog {unknown}
 m - a scroll of blinking {unknown}
 n - a scroll of remove curse
 p - 2 scrolls of teleportation
Potions
 e - 2 potions of might
 h - a potion of invisibility
 o - a potion of mutation {unknown}
 q - a potion of curing {unknown}
 s - a potion of brilliance {unknown}
Comestibles
 f - 3 rations


   Skills:
 + Level 4.9 Fighting
 - Level 2.0 Axes
 + Level 3.6 Dodging
 - Level 4.6 Stealth
 + Level 3.9 Shields
 - Level 1.0 Spellcasting
   Level 2.0 Air Magic
   Level 1.1 Evocations


You had 8 spell levels left.
You didn't know any spells.
Your spell library contained the following spells:

 Spells                   Type           Power        Failure   Level  Hunger
 Magic Dart               Conj           #...         73%         1    ##.....
 Blink                    Tloc           N/A          86%         2    ###....
 Call Imp                 Summ           #.......     86%         2    ###....
 Slow                     Hex            #.......     86%         2    ###....
 Mephitic Cloud           Conj/Pois/Air  #.......     95%         3    ####...
 Conjure Flame            Conj/Fire      #.......     97%         3    ####...


Dungeon Overview and Level Annotations

Branches:
Dungeon (6/15)
 Temple: D:4-7

Altars:
Dithmenos
Kikubaaqudgha
Makhleb

Shops:
D:5 *

Annotations:
D:4 Dowan, Duvessa


Innate Abilities, Weirdness & Mutations

You cannot wear most types of armour.
You are very stealthy in the water. (Stealth+)
You are amphibious.
You can wear up to eight rings at the same time.
You can use your tentacles to constrict eight enemies at once.
Your skin changes colour to match your surroundings (Stealth+).
Your rubbery body absorbs attacks. (AC +1, EV +1)


Message History

* * * LOW HITPOINT WARNING * * *
Okay, then.
You release your grip on the bullfrog.
The hound bites you.
* * * LOW HITPOINT WARNING * * *
There is an open door here.
The bullfrog swells and bulges.
You block the bullfrog's attack.
You fade into invisibility!
The bullfrog hits you.
* * * LOW HITPOINT WARNING * * *
You are very lightly contaminated with residual magic.
You block the bullfrog's attack.
You closely miss the bullfrog. You grab the bullfrog.
The bullfrog is severely wounded.
You constrict the bullfrog. The bullfrog completely misses you.
You catch the helpless bullfrog completely off-guard!
You tentacle-slap the bullfrog.
The bullfrog is severely wounded.
You constrict the bullfrog. The bullfrog hits you!
You die...

#.......# #######
#.......# ......#
#.......+ #####.#
#.......# # #.#
#.$.....# # #.#
#.....†.# #####.#
####h####
....#.###########F#
###.#...........@.#
#.###############
#.# ###.######
..........#
###.#####.# #.# #.#
#.#


You could see a bullfrog (wandering) and a hound.

Vanquished Creatures
  Purgy (D:3)
  An ogre (D:4)
  2 bullfrogs (D:6)
  A centaur zombie (D:5)
  A centaur skeleton (D:4)
  A hound (D:4)
  A bullfrog skeleton (D:6)
  An iguana (D:5)
  A gnoll (D:4)
  6 adders
  A shadow imp (D:6)
  An ooze (D:1)
  An adder zombie (D:6)
  A worm (D:3)
  2 dart slugs (D:1)
  A leopard gecko (D:1)
  6 orcs
  4 giant cockroaches
  A goblin (D:1)
  4 hobgoblins (D:1)
  3 quokkas
  A bat (D:1)
  2 frilled lizards (D:4)
  A jackal skeleton (D:5)
  3 kobolds (D:1)
  4 rats (D:1)
52 creatures vanquished.

Notes
Turn   | Place    | Note
-------+----------+-------------------------------------------
     0 | D:1      | Maedhros the Octopode Wanderer began the quest for the Orb.
     0 | D:1      | Maedhros set off with the following items: a +0 hand
                  | crossbow, a +0 kite shield, 27 bolts, a +0 hand axe, a
                  | ration
     0 | D:1      | Reached XP level 1. HP: 16/16 MP: 2/2
    67 | D:1      | Reached skill level 1 in Stealth
    67 | D:1      | Reached XP level 2. HP: 21/21 MP: 3/3
   333 | D:1      | Reached skill level 1 in Dodging
   370 | D:1      | Reached XP level 3. HP: 19/26 MP: 4/4
   915 | D:2      | Found a burning altar of Makhleb.
   966 | D:3      | Noticed Purgy
   977 | D:3      | Killed Purgy
   977 | D:3      | Reached XP level 4. HP: 14/33 MP: 5/5
   977 | D:3      | Reached XP level 5. HP: 15/37 MP: 6/6
  1407 | D:4      | Noticed an ogre
  1415 | D:4      | Killed an ogre
  1415 | D:4      | Reached XP level 6. HP: 43/43 MP: 7/7
  1447 | D:4      | Found an ancient bone altar of Kikubaaqudgha.
  1477 | D:4      | Found a shadowy altar of Dithmenos.
  1481 | D:4      | Noticed Duvessa
  1491 | D:4      | Noticed Dowan
  1698 | D:4      | HP: 2/44 [orc] (24)]
  1712 | D:5      | Entered Level 5 of the Dungeon
  2450 | D:5      | Found Koyladysk's General Store.
  2687 | D:6      | Reached XP level 7. HP: 42/49 MP: 8/8
  2883 | D:6      | Slain by a bullfrog

Levels and vault maps discovered:
D:1:      sevenhm_arrival_forest_fort_small_6, layout_loops_ring, fountainhead
D:2:      layout_basic, marbit_many_paths, grunt_temple_overflow_diamond,
          minmay_misc_feat_rows, uniq_sigmund
D:3:      layout_basic, first_ration, chequers_ecumenical_altar_simple_redux,
          uniq_purgy, uniq_robin
D:4:      wad_crossroads, layout_rooms, grunt_temple_overflow_magic_moments,
          nicolae_dithmenos_shadow_blocks, grunt_ministairs_6,
          hangedman_abyss_or_decor_stagger, minmay_misc_feat_iff,
          interstate_on_off, minmay_box_of_dots, uniq_duvessa
D:5:      layout_loops_ring, serial_shops, shop, minmay_holes,
          corexii_item_surrounded_by_moat
D:6:      minmay_evil_eye, layout_basic, gammafunk_ghost_cemetery,
          kennysheep_generic_room_11

Skill      XL: |  1  2  3  4  5  6 |
---------------+-------------------+-----
Stealth        | 1 3 4 |  4.6
Dodging        | 1 2 3 |  3.6
Shields        | 2 3 |  3.9
Fighting       | 4 |  4.9
Axes           | |  2.0
Spellcasting   | |  1.0
Air Magic      | |  2.0
Evocations     | |  1.1

Action                   |  1- 3 |  4- 6 |  7- 9 || total
-------------------------+-------+-------+-------++-------
Melee: Unarmed           |     5 |   130 |    26 ||   161
       Tentacles         |     1 |    25 |     5 ||    31
       Constrict         |       |    21 |     6 ||    27
 Fire: Hand crossbow     |    51 |     8 |       ||    59
  Use: Potion            |     1 |     2 |     1 ||     4
       Scroll            |       |     2 |       ||     2
 Stab: Sleeping          |       |    11 |     1 ||    12
       Invisible         |       |       |     1 ||     1
  Eat: Chunk             |       |     2 |       ||     2
       Ration            |       |     1 |       ||     1
Armor: Skin              |     1 |     4 |       ||     5
Dodge: Dodged            |    12 |    66 |    15 ||    93
Block: Kite shield       |    12 |    37 |    11 ||    60

Table legend:
 A = Non-vault XP
 B = Vault XP
 C = Vault XP percentage of total XP
 D = Non-vault monster count
 E = Vault monster count
 F = Vault count percentage of total count
                 A         B        C        D         E       F
            +---------+---------+-------+---------+---------+-------
      Total |     647 |     186 |  22.3 |      47 |       5 |   9.6
            +---------+---------+-------+---------+---------+-------
        D:1 |      40 |       0 |   0.0 |      18 |       0 |   0.0
        D:2 |      15 |       2 |  11.8 |       2 |       1 |  33.3
        D:3 |       5 |     128 |  96.2 |       1 |       1 |  50.0
        D:4 |     229 |      56 |  19.6 |      13 |       3 |  18.8
        D:5 |     104 |       0 |   0.0 |       7 |       0 |   0.0
        D:6 |     254 |       0 |   0.0 |       6 |       0 |   0.0
            +---------+---------+-------+---------+---------+-------
